Map: Echo LE (Void)

Players

InfidiumX

  • Race: Protoss Protoss
  • League: Diamond
  • Spawn Location: 5:00

CactusJoe - Winner!

  • Race: Zerg Zerg
  • League: Platinum
  • Spawn Location: 11:00

VOD

Have the link to the VOD?

Description

Time

  • Played on: Dec. 5, 2016, 1:53 p.m.
  • Length: 14:06
Show
View Real Time Build Order
Export as new Build Order

InfidiumX Protoss 

Build Orders: 1 Gate Expand 

Get SALT Encoding   

  12  0:01  Probe (Chrono Boost)  
  13  0:11  Probe (Chrono Boost)  
  14  0:20  Pylon  
  14  0:22  Probe (Chrono Boost)  
  15  0:38  Probe (Chrono Boost)  
  15  0:40  Gateway  
  16  0:49  Probe (Chrono Boost)  
  17  0:54  Assimilator  
  17  0:59  Probe (Chrono Boost)  
  18  1:10  Probe (Chrono Boost)  
  19  1:25  Nexus  
  19  1:32  Cybernetics Core  
  19  1:39  Zealot (Chrono Boost)  
  21  1:45  Pylon  
  20  1:51  Probe  
  21  2:03  Gateway  
  23  2:09  Adept (Chrono Boost)  
  23  2:12  Probe  
  24  2:27  Mothership Core  
  24  2:28  Gateway  
  26  2:34  Zealot (Chrono Boost)  
  28  2:43  Pylon  
  28  2:48  Probe  
  28  2:50  Assimilator  
  29  2:57  Warp Gate (Chrono Boost)  
  29  3:00  Probe  
  29  3:01  Probe  
  31  3:12  Probe  
  32  3:13  Probe  
  33  3:22  Twilight Council  
  33  3:24  Probe  
  33  3:25  Probe, Assimilator  
  35  3:36  Probe  
  35  3:39  Pylon  
  35  3:40  Probe  
  37  3:46  Resonating Glaives  
  38  3:48  Probe  
  38  3:53  Probe (Chrono Boost)  
  39  4:00  Probe (Chrono Boost)  
  40  4:08  Gateway  
  40  4:09  Pylon, Probe (Chrono Boost)  
  41  4:11  Probe (Chrono Boost)  
  42  4:21  Probe  
  42  4:23  Probe  
  44  4:33  Probe (Chrono Boost), Pylon  
  44  4:35  Probe (Chrono Boost)  
  44  4:38  Pylon  
  46  4:43  Assimilator  
  44  4:47  Probe (Chrono Boost)  
  44  4:48  Probe (Chrono Boost)  
  44  4:52  Adept x2  
  50  4:57  Probe (Chrono Boost)  
  52  5:01  Probe (Chrono Boost)  
  52  5:05  Adept  
  54  5:08  Probe (Chrono Boost)  
  54  5:12  Adept x2  
  59  5:23  Probe (Chrono Boost)  
  59  5:24  Probe (Chrono Boost)  
  61  5:30  Adept  
  61  5:34  Probe (Chrono Boost)  
  65  5:36  Probe (Chrono Boost)  
  65  5:41  Nexus  
  65  5:44  Pylon  
  65  5:46  Pylon  
  65  6:00  Stargate  
  63  6:04  Stargate  
  63  6:06  Pylon  
  63  6:07  Stalker x2  
  63  6:08  Stalker  
  61  6:16  Probe  
  61  6:17  Probe  
  61  6:36  Stalker x3  
  67  6:46  Phoenix (Chrono Boost)  
  68  6:48  Phoenix (Chrono Boost)  
  70  6:58  Adept  
  70  7:01  Adept, Stalker  
  78  7:08  Phoenix (Chrono Boost)  
  78  7:10  Phoenix (Chrono Boost)  
  80  7:39  Phoenix x2 (Chrono Boost)  
  80  7:41  Protoss Air Weapons Level 1  
  84  7:45  Nexus  
  84  7:46  Pylon  
  84  7:49  Adept  
  86  7:52  Pylon  
  86  8:03  Forge  
  86  8:06  Gateway  
  86  8:07  Gateway  
  86  8:09  Gateway  
  86  8:10  Adept x2  
  86  8:11  Adept  
  92  8:16  Fleet Beacon  
  92  8:23  Stargate, Phoenix (Chrono Boost)  
  92  8:24  Phoenix (Chrono Boost)  
  96  8:35  Probe x2  
  98  8:52  Photon Cannon  
  98  8:56  Photon Cannon  
  98  8:57  Photon Cannon  
  98  8:59  Photon Cannon  
  98  9:00  Photon Cannon  
  98  9:06  Carrier (Chrono Boost)  
  98  9:07  Carrier (Chrono Boost)  
  98  9:09  Pylon  
  116  9:13  Probe  
  116  9:14  Pylon x2  
  117  9:17  Assimilator  
  117  9:20  Carrier (Chrono Boost)  
  117  9:26  Probe, Anion Pulse-Crystals  
  117  9:27  Probe  
  119  9:31  Probe  
  119  9:34  Adept x2  
  119  9:35  Adept  
  119  9:36  Probe  
  127  9:47  Probe x2  
  129  9:55  Assimilator  
  120  10:09  Stalker x3  
  111  10:25  Probe  
  111  10:27  Probe x2  
  114  10:31  Carrier x2 (Chrono Boost)  
  114  10:33  Carrier (Chrono Boost)  
  132  10:39  Probe  
  132  10:41  Blink  
  132  10:42  Probe x2  
  135  10:51  Probe  
  135  10:53  Protoss Ground Weapons Level 1 (Chrono Boost)  
  135  10:54  Probe  
  137  11:03  Stalker  
  139  11:04  Stalker  
  133  11:13  Stalker  
  133  11:14  Stalker x2  
  107  11:32  Probe x2  
  109  11:33  Probe  
  109  11:35  Photon Cannon x2  
  109  11:37  Photon Cannon  
  110  11:44  Probe x2  
  110  11:46  Mothership Core  
  114  11:48  Void Ray (Chrono Boost)  
  114  11:51  Void Ray (Chrono Boost)  
  122  12:06  Probe x2  
  124  12:14  Pylon  
  124  12:17  Void Ray (Chrono Boost)  
  128  12:24  Stalker x2  
  128  12:25  Stalker x2  
  136  12:30  Pylon  
  136  12:40  Void Ray (Chrono Boost)  
  136  12:43  Carrier (Chrono Boost)  
  146  13:08  Nexus  
  146  13:10  Pylon  
  153  13:39  Stalker x2  
Show
View Real Time Build Order
Export as new Build Order

CactusJoe Zerg - Winner!

Build Orders: Pool First 

Get SALT Encoding   

  12  0:14  Extractor  
  12  0:20  Spawning Pool  
  10  0:24  Drone  
  11  0:30  Drone  
  11  0:35  Drone  
  13  0:39  Drone  
  14  0:48  Drone, Extractor  
  15  0:56  Overlord  
  15  1:14  Queen  
  17  1:20  Zergling x2  
  17  1:22  Metabolic Boost  
  18  1:26  Zergling x2  
  18  1:30  Zergling x2  
  20  1:39  Zergling x2  
  21  1:51  Zergling x2  
  22  1:59  Hatchery  
  21  2:02  Drone  
  22  2:11  Overlord  
  22  2:30  Drone  
  22  2:33  Drone  
  22  2:42  Drone x3  
  25  2:47  Drone  
  25  2:48  Extractor  
  25  2:56  Drone  
  26  2:59  Lair  
  26  3:08  Drone  
  26  3:10  Queen  
  26  3:12  Drone  
  30  3:13  Extractor  
  30  3:17  Drone  
  30  3:19  Drone  
  31  3:22  Drone  
  32  3:28  Overlord  
  32  3:31  Drone  
  33  3:35  Drone  
  33  3:37  Drone  
  35  3:44  Overlord  
  35  3:46  Drone  
  36  3:49  Drone  
  36  3:51  Drone  
  38  4:04  Drone  
  38  4:05  Spire  
  38  4:06  Drone  
  38  4:09  Drone  
  40  4:13  Drone  
  40  4:14  Drone, Extractor  
  40  4:16  Drone  
  42  4:20  Overseer  
  42  4:21  Drone  
  42  4:24  Drone  
  44  4:27  Drone  
  44  4:28  Drone  
  46  4:33  Drone x2  
  46  4:36  Drone  
  49  4:39  Drone  
  49  4:44  Drone  
  51  4:49  Drone  
  52  4:56  Overlord  
  52  4:59  Overlord  
  52  5:02  Overlord  
  52  5:04  Hatchery  
  52  5:06  Pneumatized Carapace  
  51  5:22  Mutalisk x2  
  51  5:25  Hatchery  
  51  5:27  Mutalisk  
  53  5:28  Mutalisk  
  53  5:32  Zergling x4  
  57  5:39  Mutalisk x2  
  55  5:58  Mutalisk  
  55  5:59  Mutalisk  
  59  6:05  Drone  
  59  6:06  Drone x2  
  59  6:09  Drone  
  63  6:13  Drone  
  63  6:14  Drone x5  
  63  6:16  Overlord x2  
  69  6:19  Queen  
  69  6:25  Drone  
  72  6:29  Zerg Flyer Weapons Level 1  
  72  6:32  Mutalisk  
  74  6:36  Mutalisk  
  76  6:42  Overlord x2  
  76  6:45  Mutalisk  
  78  6:47  Zergling x2  
  78  6:48  Drone  
  78  6:49  Drone  
  78  6:52  Extractor  
  78  6:53  Extractor  
  79  6:56  Drone x2  
  79  6:59  Drone x3  
  84  7:05  Queen  
  84  7:07  Drone x2  
  88  7:08  Drone  
  88  7:09  Evolution Chamber  
  88  7:10  Evolution Chamber  
  88  7:13  Mutalisk  
  89  7:20  Drone x5  
  94  7:23  Corruptor  
  94  7:27  Corruptor  
  98  7:33  Overseer  
  98  7:36  Corruptor  
  98  7:41  Corruptor  
  98  7:42  Drone x2  
  98  7:43  Drone  
  105  7:44  Drone  
  105  7:46  Drone  
  105  7:47  Extractor  
  105  7:50  Extractor, Overlord  
  105  7:55  Zerg Melee Weapons Level 1  
  105  7:57  Zerg Ground Armor Level 1  
  105  8:00  Drone  
  105  8:01  Drone x2  
  105  8:02  Drone  
  109  8:16  Mutalisk  
  109  8:17  Corruptor x2  
  109  8:18  Corruptor  
  117  8:21  Overlord  
  117  8:24  Overlord  
  117  8:31  Infestation Pit  
  116  8:35  Zerg Flyer Weapons Level 2  
  116  8:39  Corruptor  
  118  8:43  Corruptor  
  120  8:49  Corruptor  
  120  8:50  Corruptor  
  124  8:57  Corruptor  
  124  8:58  Corruptor  
  128  9:08  Hive  
  128  9:14  Corruptor x2  
  132  9:17  Overlord  
  132  9:18  Overlord  
  132  9:35  Mutalisk  
  132  9:36  Mutalisk x3  
  132  9:38  Mutalisk  
  142  9:45  Hatchery  
  142  9:49  Overseer  
  141  9:54  Zerg Melee Weapons Level 2  
  141  9:57  Zerg Ground Armor Level 2  
  128  10:24  Mutalisk  
  128  10:25  Mutalisk x5  
  138  10:39  Mutalisk x3  
  144  10:44  Hatchery  
  143  10:51  Zerg Flyer Armor Level 1  
  124  11:23  Mutalisk x7  
  126  11:26  Mutalisk  
  128  11:48  Mutalisk x2  
  128  11:49  Mutalisk x3  
  128  11:51  Overlord x5  
  128  11:52  Overlord  
  138  11:59  Adrenal Glands  
  138  12:00  Zergling x2  
  138  12:01  Zergling x36  
  147  12:03  Extractor  
  147  12:06  Extractor  
  155  12:34  Mutalisk x5  
  155  12:35  Mutalisk  
  167  12:48  Zergling x2  
  167  12:49  Zergling x38  
  187  12:55  Mutalisk  
  187  12:56  Mutalisk  
  191  12:59  Mutalisk  
  191  13:01  Mutalisk  
  191  13:04  Mutalisk  
  197  13:08  Overseer  
  197  13:09  Overseer  
  197  13:10  Overseer  
  197  13:27  Mutalisk  
  197  13:29  Overlord  
  197  13:30  Overlord  
  164  13:59  Extractor x2  
Tags
 
Add a new tag
Caveats
  • Supply blocks, unpowered buildings, or Contaminate may cause inaccurate times.
  • Supply counts are checked every 10 seconds.